 Dungeon Crawl Stone Soup version 0.32-a0-656-g3542139ebd (webtiles) character file.

Game seed: 15320659173718011814

284 kae the Slasher (level 6, -3/44 HPs)
             Began as a Coglin Gladiator on Mar 8, 2024.
             Was an Initiate of Okawaru.
             Slain by a scorpion (7 damage)
             ... on level 4 of the Dungeon.
             The game lasted 00:02:07 (3063 turns).

kae the Slasher (Coglin Gladiator)                  Turns: 3063, Time: 00:02:07

Health: -3/44      AC:  5    Str: 15    XL:     6   Next: 29%
Magic:  6/6        EV: 12    Int:  7    God:    Okawaru [......]
Gold:   201        SH:  0    Dex: 17    Spells: 5/5 levels left

rFire   . . .        a - +0 long sword {Fernanda}
rCold   . . .        h - +0 falchion (spect) {Anan}
rNeg    . . .        b - +0 leather armour
rPois   .            c - +1 helmet
rElec   .            (no cloak)
rCorr   .            (no gloves)
SInv    .            (no boots)
Will    +....        (amulet unavailable)
Stlth   +            (ring unavailable)
HPRegen 0.27/turn    (ring unavailable)
MPRegen 0.10/turn    (no gizmo)

%: no passive effects
@: lethally poisoned (-3 -> -7), enlightened, flying, revved
A: off-hand wielding, slow wielding, warmup strikes, no jewellery
a: Invent Gizmo, Renounce Religion


You were on level 4 of the Dungeon.
You worshipped Okawaru.
Okawaru was noncommittal.
You visited 2 branches of the dungeon, and saw 5 of its levels.

You collected 201 gold pieces.


Innate Abilities, Weirdness & Mutations

You can wield a second weapon in your off-hand.
It takes a long time for you to wield or remove held weapons.
Your first few attacks do less damage.
You cannot equip rings or amulets.


   Skills:
 - Level 2.0 Fighting
 + Level 6.9 Long Blades
 - Level 1.7 Throwing
 - Level 2.6 Dodging


You had 5 spell levels left.
You didn't know any spells.
Your spell library contained the following spells:

 Spells                   Type           Power      Damage    Failure   Level
 Sting                    Conj/Alch      0%         1d3       50%         1
 Mercury Vapours          Alch/Air       0%         N/A       65%         2
 Olgreb's Toxic Radiance  Alch           0%         N/A       99%         4

Inventory:

Hand Weapons
 a - a +0 long sword (weapon) {Fernanda}
 f - a +0 dagger {Lan}
 h - a +0 spectral falchion (offhand) {Anan}
   (You took it off Robin on level 2 of the Dungeon)
Missiles
 d - 3 throwing nets (quivered) {=f!f}
 e - 6 javelins
 i - 23 stones
 m - 3 poisoned darts
Armour
 b - a +0 leather armour (worn)
 c - a +1 helmet (worn)
Wands
 s - a wand of flame (23)
   (You found it on level 4 of the Dungeon)
Scrolls
 n - a scroll of teleportation {@r4}
Potions
 g - 4 potions of curing {unknown}
 j - a potion of haste {unknown}
 k - 4 potions of brilliance {unknown}
 l - a potion of degeneration {!q}
 p - a potion of mutation {unknown}
 q - a potion of cancellation
 r - a potion of might {unknown}

Dungeon Overview and Level Annotations

Branches:
Dungeon (4/15) Zot: 20957  Temple (1/1) D:4 Zot: 5969

Altars:
Ashenzari
Dithmenos
Elyvilon
Kikubaaqudgha
Makhleb
Okawaru
Uskayaw
Vehumet
Wu Jian
Yredelemnul
Zin
The Shining One

Annotations:
D:4 Pikel

######### #####...........##
....>...###.....>..........#
#######............#.......###
###.#######..............
#######.# ##.#.......#.##.
##.......# #..##..........
##.)####### #.###....≈≈≈≈≈≈≈
##....#### ####.# #....≈......
.........## #.s@.#
##...≈.##### ...#####..#
#.#### ##..≈.....# ...#....#.#
# ##.≈.#._. .#...##...##
..######...##.#
#..####........#
#.......#####... ..>...#.# #..
.....#..# .


You could see a scorpion.


Message History

😕 HP[-3]
You take 3 damage, and now have 35/38 hp.
You slash the hound with your +0 long sword!
You hit the hound with your +0 spectral falchion.
You kill the hound!
Okawaru accepts your kill.
Your +0 spectral falchion {Anan} disappears.
You hit the jackal with your +0 spectral falchion.
You barely miss the jackal with your +0 long sword.
Your +0 spectral falchion {Anan} hits the jackal.
You kill the jackal!
Okawaru accepts your kill. 😕 HP[+1]
You hit the ball python with your +0 long sword.
You kill the ball python!
Okawaru accepts your kill.
Your +0 spectral falchion {Anan} disappears.
You hit the jackal but do no damage.
You slash the jackal with your +0 long sword!
You kill the jackal!
Okawaru accepts your kill.
The endoplasm hits you but does no damage. 😕 HP[+1]
You slash the endoplasm with your +0 spectral falchion!
You kill the endoplasm!
Okawaru accepts your kill.
No target in view!
No target in view!
No target in view!
No target in view!
No target in view!
You now have 201 gold pieces (gained 10).
j - a black potion 😎 HP[+1]
Your hp is fully restored (38).
You see here a +0 ring mail.
n - a scroll of teleportation {@r4}
r - a pink potion
Okay, then.
Okay, then.
You see here a +0 spear.
Found two stone staircases leading down.
s - a wand of flame (23)
Found a glowing golden altar of the Shining One.
Blork the orc comes into view.
He is wielding a +2 trident of venom and wearing a +1 robe of positive energy.
Blork the orc shouts!
A scorpion comes into view.
Blork the orc completely misses you.
Blork the orc hits you but does no damage.
You are poisoned.
You see here a +0 robe.
You barely miss Blork the orc with your +0 spectral falchion.
You hit Blork the orc with your +0 long sword.
You feel very sick.
Blork the orc closely misses you. 😕 HP[-3]
You take 3 damage, and now have 35/38 hp.
You closely miss Blork the orc with your +0 spectral falchion.
You barely miss Blork the orc with your +0 long sword.
You feel sick.
Blork the orc hits you with a +2 trident of venom.
You are more poisoned. 😕 HP[-5]
You take 5 damage, and now have 30/38 hp.
You hit Blork the orc with your +0 long sword.
You hit Blork the orc with your +0 spectral falchion.
You feel very sick.
Blork the orc points at you and mumbles some strange words.
The puff of frost hits you!
* * * LOW HITPOINT WARNING * * *
😨 HP[-14]
You take 14 damage, and now have 16/38 hp.
MASSIVE DAMAGE!! (PAUSE)
You hit Blork the orc with your +0 spectral falchion.
You hit Blork the orc with your +0 long sword.
You feel very sick.
Blork the orc barely misses you. 😨 HP[-3]
You take 3 damage, and now have 13/38 hp.
Unknown command.
You slash Blork the orc with your +0 long sword!
You closely miss Blork the orc with your +0 spectral falchion.
You feel sick.
Blork the orc barely misses you. 😨 HP[-1]
You take 1 damage, and now have 12/38 hp.
You hit Blork the orc but do no damage.
You slash Blork the orc with your +0 long sword!
You kill Blork the orc!
Okawaru is honoured by your kill.
You feel sick. The scorpion stings you.
* * * LOW HITPOINT WARNING * * *
You have reached level 6! 😱 HP[-6] MP[+1]
You now have 44 max hp (+6).
Your mp is fully restored (6).
It was a potion of enlightenment.
You feel very buoyant.
You fly up into the air.
* * * LOW HITPOINT WARNING * * *
You feel sick. The scorpion stings you!
You die...

Skill      XL: |  1  2  3  4  5 |
---------------+----------------+-----
Long Blades    | 4 5 6 |  6.9
Fighting       | |  2.0
Throwing       | |  1.7
Dodging        | |  2.6

Action                     |  1- 3 |  4- 6 || total
---------------------------+-------+-------++-------
  Melee: Long sword        |    64 |    68 ||   132
         Dagger            |    37 |       ||    37
         Falchion          |    19 |    66 ||    85
    Use: Scroll            |     1 |     9 ||    10
         Potion            |       |     2 ||     2
   Stab: Sleeping          |     2 |     1 ||     3
 Armour: Leather armour    |    26 |    46 ||    72
  Dodge: Dodged            |    47 |    35 ||    82

Levels and vault maps discovered:
D:1:      amcnicky_arrival_feature_with_door, layout_basic,
          ebering_ecumenical_altar_box
D:2:      layout_basic, nicolae_grassy_gnolls, uniq_robin
D:3:      layout_loops_corners, kennysheep_vampire_church,
          nicolae_vehumet_altar_sigil, lemuel_doored_altar,
          nicolae_ashenzari_panopticon, kennysheep_doodads
D:4:      layout_rooms, mainiacjoe_overflow_brackets,
          chequers_temple_overflow_statue_of_worship,
          nicolae_ru_great_annihilating_truth, mainiacjoe_overflow_two_lobes,
          minmay_temple_entry_wispy, serial_shops,
          nicolae_shop_bloodbath_and_beyond, shop, uniq_blork_the_orc,
          uniq_pikel
Temple:   hellmonk_temple_flake

Notes
Turn   | Place    | Note
-------+----------+-------------------------------------------
     0 | D:1      | kae the Coglin Gladiator began the quest for the Orb.
     0 | D:1      | Reached XP level 1. HP: 16/16 MP: 1/1
     0 | D:1      | magus.rc [v1.11.3]
   126 | D:1      | Reached XP level 2. HP: 17/22 MP: 2/2
   178 | D:1      | Found a faded altar of an unknown god.
   713 | D:2      | Reached skill level 4 in Long Blades
   713 | D:2      | Reached XP level 3. HP: 27/27 MP: 3/3
   717 | D:2      | Noticed Robin
   734 | D:2      | Killed Robin
  1033 | D:2      | Reached XP level 4. HP: 33/33 MP: 4/4
  1048 | D:2      | Reached skill level 5 in Long Blades
  1843 | D:3      | Found a radiant altar of Vehumet.
  1993 | D:3      | Found a broken altar of Ashenzari.
  1998 | D:3      | Reached XP level 5. HP: 37/38 MP: 5/5
  2424 | D:3      | You add the spells Sting, Mercury Vapours and Olgreb's
                  | Toxic Radiance to your library.
  2429 | D:3      | Found an ancient bone altar of Kikubaaqudgha.
  2495 | D:3      | Reached skill level 6 in Long Blades
  2593 | D:3      | Found a shadowy altar of Dithmenos.
  2670 | D:4      | Found a staircase to the Ecumenical Temple.
  2670 | D:4      | Noticed a lemure
  2671 | D:4      | Noticed a lemure
  2672 | D:4      | Noticed Pikel
  2674 | D:4      | Noticed a lemure
  2675 | Temple   | Entered the Ecumenical Temple
  2681 | Temple   | Killed a lemure
  2690 | Temple   | Became a worshipper of Warmaster Okawaru
  2706 | D:4      | Noticed a lemure
  2706 | D:4      | Found a white marble altar of Elyvilon.
  2799 | D:4      | HP: 5/38 [Pikel/+2 whip of freezing (8)]
  3046 | D:4      | Found a glowing golden altar of the Shining One.
  3055 | D:4      | Noticed Blork the orc
  3062 | D:4      | Killed Blork the orc
  3062 | D:4      | HP: 5/38 [scorpion (6)]
  3063 | D:4      | Reached XP level 6. HP: 6/44 MP: 6/6
  3063 | D:4      | Slain by a scorpion

Vanquished Creatures
  A lemure (Temple)
  Blork the orc (D:4)
  A bombardier beetle (D:3)
  A hound (D:4)
  Robin (D:2)
  3 gnolls (D:2)
  4 adders
  A dart slug (D:1)
  2 ribbon worms (D:2)
  4 orcs
  3 bat skeletons (D:3)
  2 bat zombies (D:3)
  5 endoplasms
  2 giant cockroaches
  7 hobgoblins
  2 jackals (D:4)
  3 quokkas
  7 ball pythons
  4 bats
  3 frilled lizards
  8 goblins
  3 kobolds
  4 rats
72 creatures vanquished.

Table legend:
 A = Non-vault XP
 B = Vault XP
 C = Vault XP percentage of total XP
 D = Non-vault monster count
 E = Vault monster count
 F = Vault count percentage of total count
                 A         B        C        D         E       F
            +---------+---------+-------+---------+---------+-------
      Total |     232 |     174 |  42.9 |      55 |      16 |  22.5
            +---------+---------+-------+---------+---------+-------
        D:1 |      22 |       0 |   0.0 |      13 |       0 |   0.0
        D:2 |      58 |      68 |  54.0 |      19 |      10 |  34.5
        D:3 |      79 |      10 |  11.2 |      11 |       5 |  31.2
        D:4 |      73 |      96 |  56.8 |      12 |       1 |   7.7
            +---------+---------+-------+---------+---------+-------

Skill      XL: |  1  2  3  4  5 |
---------------+----------------+-----
Long Blades    | 4 5 6 |  6.9
Fighting       | |  2.0
Throwing       | |  1.7
Dodging        | |  2.6

Action                     |  1- 3 |  4- 6 || total
---------------------------+-------+-------++-------
  Melee: Long sword        |    64 |    68 ||   132
         Dagger            |    37 |       ||    37
         Falchion          |    19 |    66 ||    85
    Use: Scroll            |     1 |     9 ||    10
         Potion            |       |     2 ||     2
   Stab: Sleeping          |     2 |     1 ||     3
 Armour: Leather armour    |    26 |    46 ||    72
  Dodge: Dodged            |    47 |    35 ||    82

Illustrated notes

Table legend:
 A = Kills in this place as a percentage of kills in the entire game.
 B = Kills by you in this place as a percentage of kills by you in the entire game.
 C = Kills by friends in this place as a percentage of kills by friends in the entire game.
 D = Other kills in this place as a percentage of other kills in the entire game.
 E = Experience gained in this place as a percentage of experience gained in the entire game.
 F = Experience gained in this place divided by the number of levels of this place that you have seen.
                   A       B       C       D       E      F
               +-------+-------+-------+-------+-------+----------------------
         Total | 100.0 | 100.0 |   N/A |   N/A | 100.0 |  81.2
       Dungeon | 100.0 | 100.0 |   N/A |   N/A | 100.0 | 101.5
               +-------+-------+-------+-------+-------+----------------------

Table legend: (Time is in decaauts)
 A = Elapsed time spent in this place.
 B = Non-inter-level travel time spent in this place.
 C = Inter-level travel time spent in this place.
 D = Time resting spent in this place.
 E = Time spent auto-exploring this place.
 F = Levels seen in this place.
 G = Mean time per level.
                   A        B        C        D        E       F      G
               +--------+--------+--------+--------+--------+-----+--------+
         Total |   3072 |   2963 |    109 |    113 |   2423 |   5 |  614.4 |
       Dungeon |   3041 |   2948 |     93 |    113 |   2423 |   4 |  760.2 |
        Temple |     30 |     14 |     16 |      0 |      0 |   1 |   30.0 |
               +--------+--------+--------+--------+--------+-----+--------+

Top non-repeatable levels by time:
     D:2: 1105 daAuts
     D:3: 838 daAuts
     D:1: 708 daAuts
     D:4: 389 daAuts
  Temple: 30 daAuts
